 Dungeon Crawl Stone Soup version 0.27.0-1-g7a089689b8 (webtiles) character file.

Game seed: 10949851204143240424

1183 Sobieck the Destroyer (level 8, -1/41 HPs)
             Began as a Tengu Conjurer on Aug 1, 2021.
             Was an Initiate of Vehumet.
             Slain by Pikel (4 damage)
             ... on level 5 of the Dungeon.
             The game lasted 00:14:21 (5809 turns).

Sobieck the Destroyer (Tengu Conjurer)              Turns: 5809, Time: 00:14:21

Health: -1/41      AC:  2    Str:  8    XL:     8   Next: 42%
Magic:  6/16       EV: 14    Int: 21    God:    Vehumet [......]
Gold:   150        SH:  0    Dex: 12    Spells: 6/17 levels left

rFire    . . .     SeeInvis .   d - +2 dagger (venom) {short}
rCold    . . .     Faith    .   (no shield)
rNeg     . . .     Spirit   .   a - +0 robe
rPois    .         Reflect  .   (helmet restricted)
rElec    .         Harm     .   (no cloak)
rCorr    .         Rampage  .   (no gloves)
Will     .....                  (boots unavailable)
Stlth    ++........             (no amulet)
HPRegen  0.13/turn              (no ring)
MPRegen  0.15/turn              (no ring)

@: flying quickly and evasively, quick
A: beak, talons 3, nimble flight
a: Renounce Religion


You were on level 5 of the Dungeon.
You worshipped Vehumet.
Vehumet was noncommittal.
You visited 2 branches of the dungeon, and saw 6 of its levels.
You also visited: Sewer.

You collected 150 gold pieces.


Innate Abilities, Weirdness & Mutations

You have a beak for a mouth.
You have claws for feet.
Your magical nature lets you fly swiftly and evasively.


   Skills:
 - Level 2.1 Dodging
 - Level 2.0 Stealth
 - Level 5.0 Spellcasting
 - Level 10.0 Conjurations
 + Level 3.6 Hexes
 - Level 1.0 Translocations


You had 6 spell levels left.
You knew the following spells:

 Your Spells              Type           Power      Damage    Failure   Level
a - Magic Dart            Conj           100%       1d8       1%          1
b - Searing Ray           Conj           94%        3d6       1%          2
c - Fulminant Prism       Conj/Hex       16%        3d11      7%          4
d - Iskenderun's Mystic   Conj/Tloc      28%        2d7       11%         4

Your spell library contained the following spells:

 Spells                   Type           Power      Damage    Failure   Level
 Dazzling Flash           Conj/Hex       66%        N/A       1%          3
 Stone Arrow              Conj/Erth      52%        3d10      4%          3
 Apportation              Tloc           18%        N/A       7%          1
 Animate Armour           Summ/Erth      10%        N/A       71%         4
 Alistair's Intoxication  Tmut/Pois      3%         N/A       96%         5
 Invisibility             Hex            10%        N/A       98%         6
 Lehudib's Crystal Spear  Conj/Erth      13%        10d4      100%        8

Inventory:

Hand Weapons
 b - a +0 dagger {short}
   (You took it off a kobold on level 1 of the Dungeon)
 d - a +2 dagger of venom (weapon) {short}
   (You took it off a goblin on level 1 of the Dungeon)
Missiles
 c - 159 stones {throwing}
 e - 4 boomerangs {throwing}
 f - 87 sling bullets
 i - 41 bolts
 k - 70 arrows
 o - 8 poisoned darts {throwing}
Armour
 a - a +0 robe (worn)
 j - a +0 buckler
   (You took it off a hobgoblin on level 4 of the Dungeon)
 l - a +2 ring mail of fire resistance
   (You took it off Ijyb on level 3 of the Dungeon)
 r - a +3 scale mail of cold resistance
   (You took it off Edmund on level 4 of the Dungeon)
Jewellery
 p - a ring of protection from cold
   (You took it off a goblin on level 3 of the Dungeon)
Wands
 m - a wand of paralysis (6)
   (You took it off Ijyb on level 3 of the Dungeon)
Scrolls
 h - 3 scrolls of teleportation {@r4}
Potions
 g - a potion of curing {@q1}
 n - a potion of lignification {!q}
 q - a potion of resistance
 s - a potion of mutation {!q}
 t - a potion of heal wounds {unknown}

Dungeon Overview and Level Annotations

Branches:
Dungeon (5/15)             Temple (1/1) D:4           Sewer (visited)

Altars:
Ashenzari
Cheibriados
Elyvilon
Fedhas
Gozag
Hepliaklqana
Kikubaaqudgha
Makhleb
Nemelex Xobeh
Qazlal
Sif Muna
Vehumet
Xom
Yredelemnul
Zin

Shops:
D:3 [

Annotations:
D:5 Pikel

#.# ######## #.#
........
#.############
######.
#.#........... #†
#............. #.
#.........##..######
## ########..##..# #
#..##..###
#......5@#
#.#.#..#K#
#.#.#..#.#
#.#.#..#5#
..........5....
.....##.#5.5K..
#.... .....5...
..... .!. ..... ..
..........


You could see Pikel and 2 lemures.


Message History

As you read the scroll of identify {@r1}, it crumbles to dust.
s - a potion of mutation You hear the slow hiss of a very distant avalanche of sand.
Found a stone staircase leading up.
Unknown command.
Found a stone staircase leading down.
Unknown command.
There is a stone staircase leading up here.
You now have 150 gold pieces (gained 6).
A phantom comes into view.
Danger!
Casting: Searing Ray (safe; 1% risk of failure)
Confirm with . or Enter, or press ? or * to list all spells.
Aiming: Searing Ray (safe; 1% risk of failure)
Press: ? - help, Shift-Dir - straight line, f - phantom
Aim: a phantom (dormant, 100% to hit)
The searing ray hits the phantom! (Press . to maintain the ray.)
The searing ray hits the phantom.
The searing ray misses the phantom.
The searing ray hits the phantom.
You finish channeling your searing ray.
The phantom hits you.
Unknown command.
Casting: Searing Ray (safe; 1% risk of failure)
Confirm with . or Enter, or press ? or * to list all spells.
Aiming: Searing Ray (safe; 1% risk of failure)
Press: ? - help, Shift-Dir - straight line, f/p - phantom
Aim: a phantom (heavily damaged, 75% to hit)
The searing ray hits the phantom! (Press . to maintain the ray.)
The phantom hits you.
The searing ray hits the phantom!
You destroy the phantom!
Vehumet accepts your kill.
Unknown command.
You hear the slow hiss of an avalanche of sand nearby.
You hear the hiss of an avalanche of sand nearby.
A lemure comes into view.
The lemure shouts!
You hear a shout!
The lemure moves out of view. 3 lemures and Pikel come into view.
Pikel is wielding a +2 whip of flaming, wearing a +2 robe of positive energy and carrying a wand of iceblast (8).
The lemure shouts! x2
Danger!
Casting: Searing Ray (safe; 1% risk of failure)
Confirm with . or Enter, or press ? or * to list all spells.
Aiming: Searing Ray (safe; 1% risk of failure)
Press: ? - help, Shift-Dir - straight line, f - lemure
Aim: a lemure (77% to hit)
Okay, then.
Unknown command.
Unknown command.
Casting: Searing Ray (safe; 1% risk of failure)
Confirm with . or Enter, or press ? or * to list all spells.
Aiming: Searing Ray (safe; 1% risk of failure)
Press: ? - help, Shift-Dir - straight line, f - lemure
Aim: a lemure (77% to hit)
You miscast Searing Ray.
You are very lightly contaminated with residual magic.
Nothing appears to happen.
The lemure barely misses you. The lemure hits you.
Casting: Searing Ray (safe; 1% risk of failure)
Confirm with . or Enter, or press ? or * to list all spells.
Aiming: Searing Ray (safe; 1% risk of failure)
Press: ? - help, Shift-Dir - straight line, f - Pikel, p - lemure
Aim: Pikel, wielding a +2 whip of flaming, wearing a +2 robe of positive energy and carrying a wand of iceblast (8) (77% to hit)
The searing ray hits the lemure.
The searing ray hits Pikel. (Press . to maintain the ray.)
The lemure closely misses you. The lemure completely misses you.
The searing ray hits the lemure!
The searing ray hits Pikel but does no damage.
The searing ray misses the lemure.
The lemure hits you. x2
The searing ray hits the lemure!
The searing ray hits Pikel.
The searing ray hits the lemure!
The lemure hits you.
The searing ray hits Pikel!
The searing ray misses the lemure.
The searing ray hits the lemure! x2; You finish channeling your searing ray.
The lemure hits you!
* * * LOW HITPOINT WARNING * * *
Unknown command.
Casting: Searing Ray (safe; 1% risk of failure)
Confirm with . or Enter, or press ? or * to list all spells.
Aiming: Searing Ray (safe; 1% risk of failure)
Press: ? - help, Shift-Dir - straight line, f/p - Pikel
Aim: Pikel, wielding a +2 whip of flaming, wearing a +2 robe of positive energy and carrying a wand of iceblast (8) (moderately wounded, 77% to hit)
The searing ray hits Pikel but does no damage. (Press . to maintain the ray.) Pikel hits you but does no damage.
The lemure hits you.
* * * LOW HITPOINT WARNING * * *
Unknown command.
The searing ray hits Pikel!
The searing ray hits the lemure!
You kill the lemure!
That felt strangely unrewarding.
The searing ray hits the lemure!
You kill the lemure!
That felt strangely unrewarding.
Pikel misses you. The lemure hits you but does no damage.
Your magical contamination has completely faded away.
The searing ray misses Pikel.
The searing ray hits the lemure!
Pikel hits you with a +2 whip of flaming!
* * * LOW HITPOINT WARNING * * *
Pikel burns you.
You die...

Skill      XL: |  1  2  3  4  5  6  7  8 |
---------------+-------------------------+-----
Spellcasting   | 3 4 5 |  5.0
Conjurations   | 6 7 8 9 10 | 10.0
Hexes          | 1 2 3 |  3.6
Translocations | 1 |  1.0
Dodging        | |  2.1
Stealth        | |  2.0

Action                   |  1- 3 |  4- 6 |  7- 9 || total
-------------------------+-------+-------+-------++-------
Melee: Dagger            |       |     1 |     5 ||     6
       Peck              |       |       |     2 ||     2
       Kick              |       |       |     1 ||     1
 Cast: Magic Dart        |    38 |   115 |    47 ||   200
       Searing Ray       |     2 |    16 |    22 ||    40
  Use: Scroll            |       |       |     8 ||     8
Armor: Robe              |     1 |     4 |     4 ||     9
Dodge: Dodged            |     3 |    11 |    20 ||    34

Levels and vault maps discovered:
D:1:      psy_arrival_terrarium, layout_loops_ring, basic_ecumenical_altar
D:2:      layout_basic, uniq_jessica
D:3:      layout_loops_ring, serial_shops, nicolae_square_shop,
          cheibrodos_sewer_entry_drain, wad_floor_pattern_untrapped,
          grunt_ministairs_9, minmay_misc_feat_more_columns, wad_orctagon,
          uniq_ijyb, uniq_natasha, uniq_sigmund
D:4:      layout_loops_ring, minmay_temple_entry_stoned_glass,
          minmay_misc_feat_four_crosses, grunt_decor_one_mirror, uniq_edmund
D:5:      layout_loops_ring, gammafunk_ghost_grave,
          lightli_ossuary_entry_decrepit_ruins, uniq_pikel
Temple:   eino_wide_crystal_templ

Notes
Turn   | Place    | Note
-------+----------+-------------------------------------------
     0 | D:1      | Sobieck the Tengu Conjurer began the quest for the Orb.
     0 | D:1      | Reached XP level 1. HP: 10/10 MP: 4/4
   135 | D:1      | Found a faded altar of an unknown god.
   189 | D:1      | Reached XP level 2. HP: 15/15 MP: 3/6
   238 | D:1      | Learned a level 2 spell: Searing Ray
   901 | D:2      | Noticed Jessica
   905 | D:2      | Killed Jessica
   906 | D:2      | Reached skill level 3 in Spellcasting
   906 | D:2      | Reached skill level 6 in Conjurations
   906 | D:2      | Reached XP level 3. HP: 19/19 MP: 1/8
  1050 | D:2      | Reached XP level 4. HP: 24/24 MP: 3/9
  1161 | D:2      | Learned a level 4 spell: Fulminant Prism
  1675 | D:3      | Found a glowing drain.
  1766 | Sewer    | Entered a sewer
  1847 | Sewer    | Reached skill level 7 in Conjurations
  2179 | Sewer    | Reached skill level 1 in Hexes
  2253 | Sewer    | Gained mutation: Your magical nature lets you fly swiftly
                  | and evasively. [Tengu growth]
  2253 | Sewer    | Reached XP level 5. HP: 28/28 MP: 5/10
  2689 | Sewer    | Reached skill level 2 in Hexes
  2855 | Sewer    | Reached XP level 6. HP: 28/32 MP: 6/11
  2945 | Sewer    | Reached skill level 8 in Conjurations
  3047 | D:3      | Noticed Natasha
  3050 | D:3      | Killed Natasha
  3165 | D:3      | Found Luehatt's Antique Armour Emporium.
  3232 | D:3      | Noticed Ijyb
  3234 | D:3      | Paralysed by Ijyb for 4 turns
  3242 | D:3      | Killed Ijyb
  3243 | D:3      | Reached skill level 4 in Spellcasting
  3387 | D:3      | Noticed Natasha
  3408 | D:3      | Killed Natasha
  3447 | D:3      | Reached XP level 7. HP: 36/36 MP: 9/14
  3722 | D:3      | Noticed Sigmund
  3730 | D:3      | Killed Sigmund
  3731 | D:3      | Reached skill level 3 in Hexes
  3930 | D:3      | You pick up a book of Armaments and begin reading...
  3930 | D:3      | You add the spells Stone Arrow, Animate Armour and
                  | Lehudib's Crystal Spear to your library.
  4247 | D:4      | Reached skill level 9 in Conjurations
  4464 | D:4      | Found a staircase to the Ecumenical Temple.
  4473 | Temple   | Entered the Ecumenical Temple
  4523 | Temple   | Became a worshipper of Vehumet
  4659 | D:4      | Reached skill level 5 in Spellcasting
  4664 | D:4      | Learned a level 4 spell: Iskenderun's Mystic Blast
  4894 | D:4      | You pick up a book of Party Tricks and begin reading...
  4894 | D:4      | You add the spells Apportation, Alistair's Intoxication and
                  | Invisibility to your library.
  4930 | D:4      | Noticed Edmund
  4999 | D:4      | Killed Edmund
  5000 | D:4      | Reached XP level 8. HP: 26/41 MP: 5/16
  5531 | D:5      | Entered Level 5 of the Dungeon
  5534 | D:5      | Reached skill level 10 in Conjurations
  5638 | D:5      | Reached skill level 1 in Translocations
  5795 | D:5      | Noticed Pikel
  5807 | D:5      | HP: 10/41 [lemure[Pikel] (6)]
  5809 | D:5      | HP: 3/41 [Pikel (7)]
  5809 | D:5      | Slain by Pikel

Vanquished Creatures
  Sigmund (D:3)
  Edmund (D:4)
  A centaur (D:5)
  An ogre (D:4)
  2 lemures (D:5)
  2 phantoms
  2 bullfrogs (Sewer)
  An orc priest (D:4)
  A bullfrog skeleton (D:4)
  Ijyb (D:3)
  Jessica (D:2)
  Natasha (twice) (D:3)
  An iguana (D:5)
  A hound skeleton (D:4)
  4 gnolls (D:3)
  9 adders
  An adder skeleton (D:4)
  4 worms
  A dart slug (D:2)
  7 orcs
  22 endoplasms
  17 giant cockroaches
  9 goblins
  6 hobgoblins
  3 jackals (D:4)
  3 kobolds
  10 quokkas
  16 ball pythons
  4 bats
  17 frilled lizards
  2 rats
153 creatures vanquished.

Table legend:
 A = Non-vault XP
 B = Vault XP
 C = Vault XP percentage of total XP
 D = Non-vault monster count
 E = Vault monster count
 F = Vault count percentage of total count
                 A         B        C        D         E       F
            +---------+---------+-------+---------+---------+-------
      Total |     853 |     837 |  49.5 |      78 |      73 |  48.3
            +---------+---------+-------+---------+---------+-------
        D:1 |      28 |       0 |   0.0 |      16 |       0 |   0.0
        D:2 |      41 |      37 |  47.4 |      14 |       1 |   6.7
        D:3 |     139 |     315 |  69.4 |      19 |      11 |  36.7
        D:4 |     377 |     158 |  29.5 |      25 |       1 |   3.8
        D:5 |     268 |       0 |   0.0 |       4 |       0 |   0.0
      Sewer |       0 |     327 | 100.0 |       0 |      60 | 100.0
            +---------+---------+-------+---------+---------+-------

Illustrated notes

Table legend:
 A = Kills in this place as a percentage of kills in entire the game.
 B = Kills by you in this place as a percentage of kills by you in the entire game.
 C = Kills by friends in this place as a percentage of kills by friends in the entire game.
 D = Other kills in this place as a percentage of other kills in the entire game.
 E = Experience gained in this place as a percentage of experience gained in the entire game.
 F = Experience gained in this place divided by the number of levels of this place that you have seen.
                   A       B       C       D       E      F
               +-------+-------+-------+-------+-------+----------------------
         Total | 100.0 | 100.0 |   N/A |   N/A | 100.0 | 241.4
       Dungeon |  60.3 |  60.3 |   N/A |   N/A |  80.7 | 272.6
         Sewer |  39.7 |  39.7 |   N/A |   N/A |  19.3 | 327.0
               +-------+-------+-------+-------+-------+----------------------

Table legend: (Time is in decaauts)
 A = Elapsed time spent in this place.
 B = Non-inter-level travel time spent in this place.
 C = Inter-level travel time spent in this place.
 D = Time resting spent in this place.
 E = Time spent auto-exploring this place.
 F = Levels seen in this place.
 G = Mean time per level.
                   A        B        C        D        E       F      G
               +--------+--------+--------+--------+--------+-----+--------+
         Total |   5696 |   5564 |    132 |   1501 |   3138 |   7 |  813.7 |
       Dungeon |   4381 |   4255 |    126 |    619 |   3098 |   5 |  876.2 |
        Temple |     52 |     46 |      6 |      0 |     40 |   1 |   52.0 |
         Sewer |   1262 |   1262 |      0 |    882 |      0 |   1 | 1262.0 |
               +--------+--------+--------+--------+--------+-----+--------+

Top non-repeatable levels by time:
     D:3: 1350 daAuts
   Sewer: 1262 daAuts
     D:4: 1087 daAuts
     D:1: 958 daAuts
     D:2: 717 daAuts
     D:5: 267 daAuts
  Temple: 52 daAuts
